 Dungeon Crawl Stone Soup version 0.31-a0-182-gc5ef74bbde (webtiles) character file.

Game seed: 14474186382945979205

134 qw the Chopper (level 5, -9/32 HPs)
             Began as a Gargoyle Fighter on June 20, 2023.
             Killed by divine providence
             ... invoked by an orc priest
              (12 damage)
             ... on level 3 of the Dungeon.
             The game lasted 00:00:55 (1916 turns).

qw the Chopper (Gargoyle Fighter)                   Turns: 1916, Time: 00:00:56

Health: -9/32      AC: 20    Str: 22    XL:     5   Next: 17%
Magic:  5/5        EV:  8    Int:  8    God:
Gold:   95         SH:  4    Dex:  9    Spells: 4/4 levels left

rFire   . . .        Y - +0 war axe (protect)
rCold   . . .        c - +0 buckler
rNeg    + . .        a - +0 chain mail
rPois   inf          (no helmet)
rElec   +            (no cloak)
rCorr   .            (no gloves)
SInv    .            (no boots)
Will    .....        (no amulet) Stlth
                     (no ring)
HPRegen 0.25/turn    (no ring)
MPRegen 0.09/turn

%: no passive effects
@: under a protective aura
A: sickness immunity, AC +4, negative energy resistance 1, electricity
resistance, torment resistance 1, petrification resistance
a: no special abilities


You were on level 3 of the Dungeon.
You visited 1 branch of the dungeon, and saw 3 of its levels.

You collected 95 gold pieces.


Innate Abilities, Weirdness & Mutations

You are immune to sickness and miasma.
Your stone body is resilient. (AC +4)
You are immune to poison.
You resist negative energy. (rN+)
You are resistant to electric shocks. (rElec)
You are resistant to unholy torment.
You are immune to petrification.


   Skills:
 - Level 3.2 Fighting
 + Level 4.7 Axes
 - Level 3.2 Armour
 - Level 3.2 Shields


You had 4 spell levels left.
You didn't know any spells.
Your spell library was empty.

Inventory:

Hand Weapons
 f - a +0 whip
 Y - a +0 war axe of protection (weapon)
Armour
 a - a +0 chain mail (worn)
 c - a +0 buckler (worn)
Scrolls
 b - a scroll of poison {unknown}
 j - a scroll of identify
Potions
 d - a potion of might
 g - a potion of curing

Dungeon Overview and Level Annotations

Branches:
Dungeon (3/15)

Altars:


Message History

You block the adder's attack. The gnoll hits you but does no damage.
The adder bites you. The gnoll hits you but does no damage.
You hit the gnoll.
The gnoll is almost dead.
You barely miss the adder.
The adder bites you but does no damage. x2
The orc priest casts a cantrip, but nothing happens.
You block the gnoll's attack.
You slash the gnoll!
You kill the gnoll!
You closely miss the adder. The adder bites you but does no damage.
The adder barely misses you.
You barely miss the adder.
The adder is heavily wounded.
The adder completely misses you.
You miss the adder.
The adder is heavily wounded.
The adder barely misses you.
The orc priest looks satisfied for a moment.
The adder bites you.
You barely miss the adder.
The adder is heavily wounded.
You block the adder's attack.
You slash the adder!
Your weapon exudes an aura of protection.
You kill the adder!
The orc priest calls down the wrath of Beogh upon you.
Beogh smites you!
The orc priest calls down the wrath of Beogh upon you.
Pain shoots through your body!
Things that are here:
a hobgoblin corpse; a howler monkey corpse You hit the orc priest but do no damage.
The orc priest hits you but does no damage. x2
You hit the orc priest but do no damage.
The orc priest looks encouraged for a moment.
You hit the orc priest but do no damage.
The orc priest calls down the wrath of Beogh upon you.
Beogh smites you!
You die...

... #.#...# # #
#.##..#
#.###.#####.##..#
............##..#
....#####[##..# ...
#.##..#
#.####.##..#
#o@.)......#
######.##.)########
#.##.......:..
...........<..##
##..#...#####.#
.....###. # #....
.. ..... .# .... ##


You could see an orc priest.

Vanquished Creatures
  A howler monkey (D:3)
  A gnoll (D:3)
  4 adders
  A dart slug (D:2)
  4 ball pythons
  5 endoplasms
  3 goblins
  5 hobgoblins
  4 jackals (D:2)
  4 quokkas
  4 bats
  3 frilled lizards
  8 kobolds
  4 rats (D:1)
51 creatures vanquished.

Notes
Turn   | Place    | Note
-------+----------+-------------------------------------------
     0 | D:1      | qw the Gargoyle Fighter began the quest for the Orb.
     0 | D:1      | Reached XP level 1. HP: 14/14 MP: 1/1
     0 | D:1      | 0 ||| qw: Version: 0.3-a-9-g12657ce
     0 | D:1      | 0 ||| qw: Game counter: 1497
     0 | D:1      | 0 ||| qw: Always use a shield: true
     0 | D:1      | 0 ||| qw: God list: Okawaru
     0 | D:1      | 0 ||| qw: Allow faded altars: false
     0 | D:1      | 0 ||| qw: Do Orc after D:15 true
     0 | D:1      | 0 ||| qw: Do second Lair branch before Depths: true
     0 | D:1      | 0 ||| qw: Lair rune preference: random
     0 | D:1      | 0 ||| qw: Plans: Normal, Zot:1-4, Slime:5, God:TSO, Crypt,
                  | Tomb, Abyss, Pan, Hells, Win
     0 | D:1      | 0 ||| PLANNING D:1-11
    22 | D:1      | Reached skill level 2 in Axes
   147 | D:1      | Reached XP level 2. HP: 15/19 MP: 2/2
   609 | D:1      | HP: 2/19 [frozen (3)]
   692 | D:1      | Reached skill level 3 in Axes
   808 | D:1      | Reached XP level 3. HP: 23/23 MP: 3/3
   993 | D:1      | 993 ||| READING scroll labelled SAIFEN DAAFI.
   994 | D:1      | 994 ||| READING scroll labelled ATEALAIPYI.
   995 | D:1      | 995 ||| READING 2 scrolls labelled BIOVETRAAX.
  1151 | D:2      | 1151 ||| DROPPING +0 club.
  1302 | D:2      | 1302 ||| Stepping ~*~*~tactically~*~*~ (stealth).
  1491 | D:2      | 1491 ||| Stepping ~*~*~tactically~*~*~ (stealth).
  1507 | D:2      | 1507 ||| Stepping ~*~*~tactically~*~*~ (hiding).
  1778 | D:2      | 1778 ||| UPGRADING to +0 chain mail.
  1788 | D:2      | 1788 ||| DROPPING +0 scale mail.
  1789 | D:2      | 1789 ||| READING scroll labelled LUALUAXOGE.
  1790 | D:2      | 1790 ||| DRINKING 2 smoky orange potions.
  1791 | D:2      | 1791 ||| READING 2 scrolls of identify.
  1791 | D:2      | 1791 ||| IDENTIFYING viscous coppery potion
  1792 | D:2      | 1792 ||| DROPPING potion of degeneration.
  1834 | D:3      | Reached XP level 4. HP: 28/28 MP: 4/4
  1878 | D:3      | Reached skill level 4 in Axes
  1891 | D:3      | Reached XP level 5. HP: 27/32 MP: 5/5
  1912 | D:3      | HP: 2/32 [orc priest/divine providence (13)]
  1916 | D:3      | Killed from afar by an orc priest

Levels and vault maps discovered:
D:1:      wander_arrival_desolate, layout_loops_corners, palyth_stone_intersect,
          serial_bayou_pond_a
D:2:      layout_loops_ring, hangedman_decor_points
D:3:      layout_loops_ring, ebering_ghost_sewer_f, kennysheep_orc_chapel,
          uniq_crazy_yiuf_cottage

Skill      XL: |  1  2  3  4 |
---------------+-------------+-----
Axes           | 2 3 4 |  4.7
Fighting       | |  3.2
Armour         | |  3.2
Shields        | |  3.2

Action                     |  1- 3 |  4- 6 || total
---------------------------+-------+-------++-------
  Melee: War axe           |   120 |    53 ||   173
    Use: Scroll            |     5 |       ||     5
         Potion            |     1 |       ||     1
 Armour: Scale mail        |    57 |       ||    57
         Chain mail        |       |    37 ||    37
  Dodge: Dodged            |    55 |    20 ||    75
  Block: Buckler           |    19 |    14 ||    33

Table legend:
 A = Non-vault XP
 B = Vault XP
 C = Vault XP percentage of total XP
 D = Non-vault monster count
 E = Vault monster count
 F = Vault count percentage of total count
                 A         B        C        D         E       F
            +---------+---------+-------+---------+---------+-------
      Total |     192 |       0 |   0.0 |      51 |       0 |   0.0
            +---------+---------+-------+---------+---------+-------
        D:1 |      37 |       0 |   0.0 |      25 |       0 |   0.0
        D:2 |      44 |       0 |   0.0 |      17 |       0 |   0.0
        D:3 |     111 |       0 |   0.0 |       9 |       0 |   0.0
            +---------+---------+-------+---------+---------+-------
